[Event "*** SCC Grand Prix: Titled Tuesday Blitz"]
[Site "Chess.com"]
[Date "2020.09.08"]
[Round "10"]
[White "Anna_ChessMate"]
[Black "RestartingChess"]
[Result "1/2-1/2"]
[WhiteElo "2504"]
[BlackElo "2431"]
[TimeControl "180+1"]
[EndTime "11:55:07 PDT"]
[Termination "Game drawn by agreement"]

1. d4 Nf6 2. c4 g6 3. g3 Bg7 4. Bg2 d6 5. Nc3 O-O 6. Nf3 e5 7. dxe5 dxe5 8. Qxd8 Rxd8 9. Nxe5 Re8 10. Nf3 c6 11. O-O Be6 12. Nd2 Nbd7 13. Re1 Nb6 14. b3 Nfd5 15. Nxd5 cxd5 16. Rb1 Bf5 17. e4 dxe4 18. Bxe4 Bc3 19. f3 Rad8 20. Re2 Bxe4 21. Nxe4 Bd4+ 22. Kf1 f5 23. Ng5 Rxe2 24. Kxe2 Re8+ 25.
Kf1 Nd7 26. Bd2 h6 27. Nh3 Ne5 28. Re1 Kf7 29. Bxh6 Nxf3 30. Ng5+ Nxg5 31. Rxe8 Kxe8 32. Bxg5 Kd7 33. Ke2 Kc6 34. Be3 Be5 35. Bxa7 b6 36. c5 bxc5 37. Kd3 Bd6 38. Kc4 g5 39. a4 f4 40. gxf4 gxf4 41. a5 f3 42. Kd3 Kb7 43.
Bb6 Bxh2 44. Bxc5 Ka6 45. b4 Kb5 46. Ke4 Bc7 1/2-1/2

[Event "*** SCC Grand Prix: Titled Tuesday Blitz"]
[Site "Chess.com"]
[Date "2020.09.08"]
[Round "10"]
[White "Barcelona_Guy"]
[Black "Snowflake"]
[Result "1-0"]
[WhiteElo "2634"]
[BlackElo "2475"]
[TimeControl "180+1"]
[EndTime "11:55:12 PDT"]
[Termination "Barcelona_Guy won by resignation"]

1. e4 e5 2. Nf3 Nc6 3. Bb5 a6 4. Ba4 Nf6 5. O-O Be7 6. Re1 b5 7. Bb3 O-O 8. a4 Bb7 9. d3 d6 10. Nbd2 h6 11. Nf1 Re8 12. Ng3 Bf8 13. c3 g6 14. d4 Bg7 15. d5 Na5 16. Bc2 c6 17. dxc6 Bxc6 18. Qe2 Nc4 19. b3 Nb6 20. axb5 axb5 21.
Rxa8 Qxa8 22. Be3 Nbd7 23. Qd2 d5 24. Bxh6 dxe4 25. Nh4 Nf8 26. Bxg7 Kxg7 27. Ngf5+ gxf5 28. Qg5+ Ng6 29. Nxf5+ Kf8 30. Qh6+ 1-0

[Event "*** SCC Grand Prix: Titled Tuesday Blitz"]
[Site "Chess.com"]
[Date "2020.09.08"]
[Round "10"]
[White "juancruzarias"]
[Black "QuintilianoR"]
[Result "0-1"]
[WhiteElo "2459"]
[BlackElo "2610"]
[TimeControl "180+1"]
[EndTime "11:55:12 PDT"]
[Termination "QuintilianoR won by resignation"]

1. d4 Nf6 2. Bg5 d5 3. e3 Ne4 4.
Bf4 c5 5. c3 Nc6 6. Nd2 Nxd2 7.
Qxd2 e6 8. Nf3 Bd6 9. Bd3 O-O 10. Bg3 Re8 11. Ne5 f6 12. Nxc6 bxc6 13. O-O a5 14. Rad1 c4 15. Bb1 Rb8 16. Rfe1 Bxg3 17. hxg3 Qb6 18. Qe2 Bd7 19. Rd2 e5 20. dxe5 Rxe5 21.
Qf3 Rbe8 22. Qf4 Qb8 23. Qh4 Bf5 24. Bxf5 Rxf5 25. f4 h5 26. g4 hxg4 27. Qxg4 Rxf4 28. Qd7 Rh4 29. Qxc6 Qh2+ 30. Kf2 Rf4+ 31. exf4 Qxf4+ 0-1

[Event "*** SCC Grand Prix: Titled Tuesday Blitz"]
[Site "Chess.com"]
[Date "2020.09.08"]
[Round "10"]
[White "anon481216"]
[Black "Misticpikachu"]
[Result "1-0"]
[WhiteElo "2455"]
[BlackElo "2290"]
[TimeControl "180+1"]
[EndTime "11:55:13 PDT"]
[Termination "anon481216 won by resignation"]

1. d4 e6 2. Nf3 d5 3. c4 Nf6 4. Nc3 Be7 5. Bg5 O-O 6. e3 h6 7. Bh4 b6 8. Rc1 Bb7 9. cxd5 Nxd5 10. Bxe7 Qxe7 11. Bd3 c5 12. dxc5 Qxc5 13. O-O Nd7 14. e4 Nf4 15. Ne2 Nxe2+ 16. Qxe2 Qh5 17. Rc7 Nc5 18. b4 Nxd3 19. Qxd3 Rfd8 20. Qe3 Ba6 21. Rfc1 Rd3 22. Qf4 Rad8 23. h3 R8d7 24. Ne5 Rd1+ 25. Kh2 Rxc7 26. Rxc7 f6 27. Ng4 Be2 28. Nxf6+ gxf6 29. Qxf6 Qe5+ 30. Qxe5 1-0

[Event "*** SCC Grand Prix: Titled Tuesday Blitz"]
[Site "Chess.com"]
[Date "2020.09.08"]
[Round "10"]
[White "evgenyermolaev"]
[Black "Resignify"]
[Result "0-1"]
[WhiteElo "2398"]
[BlackElo "2233"]
[TimeControl "180+1"]
[EndTime "11:55:25 PDT"]
[Termination "Resignify won by resignation"]

1. e4 c5 2. Nf3 Nc6 3. d4 cxd4 4. Nxd4 e5 5. Nb5 Nf6 6. N1c3 d6 7. Bg5 a6 8. Na3 b5 9. Nd5 Be7 10. Bxf6 Bxf6 11.
c4 b4 12. Nc2 Rb8 13. b3 O-O 14. g3 Be6 15. h4 Bxd5 16. exd5 Nd4 17. Nxd4 exd4 18. Bd3 Re8+ 19. Kf1 Qd7 20. h5 a5 21. h6 g6 22. Qf3 Be5 23. Kg2 f5 24. Rae1 Re7 25.
Qd1 Rbe8 26. f4 Bf6 27. c5 dxc5 28. Re6 Qxd5+ 0-1

[Event "*** SCC Grand Prix: Titled Tuesday Blitz"]
[Site "Chess.com"]
[Date "2020.09.08"]
[Round "10"]
[White "champ1000"]
[Black "ChelsieMonica"]
[Result "1-0"]
[WhiteElo "2311"]
[BlackElo "2408"]
[TimeControl "180+1"]
[EndTime "11:55:26 PDT"]
[Termination "champ1000 won by resignation"]

1. d4 Nf6 2. c4 e6 3. g3 Be7 4. Bg2 O-O 5. Nf3 d5 6. O-O c6 7.
Nc3 Nbd7 8. Qc2 dxc4 9. e4 Nb6 10.
h3 a5 11. Be3 Bb4 12. e5 Nfd5 13. Ng5 g6 14. Nce4 h6 15. Nf3 Nxe3 16. fxe3 Nd5 17. Rad1 Nxe3 18. Qc1 Kg7 19. Qxe3 Be7 20. Nfd2 b5 21. Nf6 Ra6 22. Nde4 a4 23. h4 a3 24. Ng4 Rh8 25. bxa3 Rxa3 26. Qf4 Qf8 27. Nd6 Bxd6 28. Qf6+ Kh7 29. exd6 Rxg3 30. Qxf7+ Qxf7 31. Rxf7+ Kg8 32. Rdf1 h5 33. Rf8+ 1-0

[Event "*** SCC Grand Prix: Titled Tuesday Blitz"]
[Site "Chess.com"]
[Date "2020.09.08"]
[Round "10"]
[White "Ginger_GM"]
[Black "sasko1234"]
[Result "1-0"]
[WhiteElo "2591"]
[BlackElo "2414"]
[TimeControl "180+1"]
[EndTime "11:55:27 PDT"]
[Termination "Ginger_GM won by checkmate"]

1. e4 d6 2. d4 Nf6 3. Nc3 c6 4. f4 Qa5 5. Bd3 e5 6. Nf3 Nbd7 7. O-O Be7 8. Bd2 Qc7 9. a4 a5 10. Qe1 O-O 11. Kh1 Re8 12. Qg3 Nh5 13. Qh3 Ndf6 14. f5 exd4 15. Nxd4 d5 16. exd5 Nxd5 17. Nxd5 cxd5 18. g4 Nf6 19. Bf4 Bd6 20.
Nb5 Qc6 21. Nxd6 Rd8 22. Nb5 d4+ 23. Qg2 Qd7 24. g5 Nh5 25. g6 b6 26. Be4 Ba6 27.
gxh7+ Kh8 28. Rg1 f6 29. Raf1 Rac8 30. Rf3 Re8 31. Nd6 Rxe4 32. Nxe4 Qxf5 33. Nd6 Qe6 34. Bh6 gxh6 35. Qg6 Qxd6 36. Qg8+ Rxg8 37. hxg8=Q# 1-0

[Event "*** SCC Grand Prix: Titled Tuesday Blitz"]
[Site "Chess.com"]
[Date "2020.09.08"]
[Round "10"]
[White "wannabe2700"]
[Black "elohunter1999"]
[Result "0-1"]
[WhiteElo "2617"]
[BlackElo "2478"]
[TimeControl "180+1"]
[EndTime "11:55:29 PDT"]
[Termination "elohunter1999 won by resignation"]

1. b3 e5 2. Bb2 Nc6 3. e3 Nf6 4. Bb5 Bd6 5. Na3 Na5 6. Be2 a6 7. c4 Qe7 8. Nc2 O-O 9. d4 exd4 10. exd4 Re8 11. Nf3 b6 12. O-O Qxe2 13. Qc1 Bb7 14. d5 Ng4 15. Ncd4 Qe4 16. Qc3 Qg6 17. b4 Nxc4 18.
Qxc4 Ne5 19. Qb3 Nd3 20. Bc3 Nf4 21. g3 Bxd5 22. Qd1 Ne2+ 23. Nxe2 Bxf3 24. Re1 Qg4 25. Qd4 Rxe2 26. Rxe2 Qxd4 27. Bxd4 Bxe2 28. a3 Bf3 29.
Re1 f6 30. Re3 Bc6 31. f4 Kf7 32. Kf2 a5 0-1

[Event "*** SCC Grand Prix: Titled Tuesday Blitz"]
[Site "Chess.com"]
[Date "2020.09.08"]
[Round "10"]
[White "sorrm8thatscheckm8"]
[Black "Sn00pPawn"]
[Result "1-0"]
[WhiteElo "2442"]
[BlackElo "2004"]
[TimeControl "180+1"]
[EndTime "11:55:30 PDT"]
[Termination "sorrm8thatscheckm8 won on time"]

1. d4 d5 2. c4 e6 3. Nc3 Nf6 4.
cxd5 exd5 5. Bg5 Be7 6. Qc2 O-O 7. e3 c6 8. Bd3 h6 9. Bh4 Re8 10. Nge2 Nbd7 11. h3 Nf8 12. O-O-O Ne6 13. g4 Nd7 14.
Bxe7 Qxe7 15. Ng3 g6 16. h4 Kg7 17. h5 Qg5 18. hxg6 fxg6 19. f4 Qxg4 20. Nf5+ gxf5 21. Rdg1 Nf6 22. Bxf5 Qxg1+ 23. Rxg1+ Kh8 24. Qh2 Re7 25. Qxh6+ Nh7 26. Bxh7 Rxh7 27. Qf6+ Rg7 28. f5 Kg8 29. Rxg7+ Nxg7 30. Qd8+ Kf7 31. f6 Nf5 32. e4 dxe4 33. Nxe4 Nxd4 34. Qxd4 Be6 35. Ng5+ Kg6 36. Nxe6 Rh8 37.
Nf4+ Kf5 38. f7 Rh1+ 39. Kc2 Rh2+ 40. Kb3 c5 41. Qxc5+ 1-0

[Event "*** SCC Grand Prix: Titled Tuesday Blitz"]
[Site "Chess.com"]
[Date "2020.09.08"]
[Round "10"]
[White "blitis"]
[Black "CrazyMartian"]
[Result "1-0"]
[WhiteElo "2492"]
[BlackElo "2308"]
[TimeControl "180+1"]
[EndTime "11:55:32 PDT"]
[Termination "blitis won by checkmate"]

1. e4 c5 2. Nf3 d6 3. d4 cxd4 4. Nxd4 Nf6 5. f3 e5 6. Bb5+ Nbd7 7. Nf5 d5 8. exd5 a6 9. Ba4 b5 10. Bb3 Nb6 11. Ne3 Bc5 12. Nc3 O-O 13. Qd3 e4 14. Nxe4 Nxe4 15. fxe4 Qh4+ 16. g3 Qh3 17. Bd2 Bxe3 18.
Bxe3 Nc4 19. O-O-O Bg4 20. Rde1 Rac8 21. d6 Rfd8 22. Bf4 a5 23. a4 Be6 24. axb5 a4 25. Bxa4 Ra8 26. b3 Nb6 27. g4 Qh4 28. Qg3 Qf6 29.
Be5 Qg6 30. h4 Nxa4 31. h5 Qxg4 32. Qxg4 Bxg4 33. Rhg1 Bd7 34. Rxg7+ Kf8 35. Rxh7 f6 36. Bxf6 Re8 37. Rg1 Be6 38. Rgg7 Nc5 39. Rh8+ Bg8 40. Rhxg8# 1-0

[Event "*** SCC Grand Prix: Titled Tuesday Blitz"]
[Site "Chess.com"]
[Date "2020.09.08"]
[Round "10"]
[White "ehrenfeld"]
[Black "anon102030"]
[Result "0-1"]
[WhiteElo "2556"]
[BlackElo "2709"]
[TimeControl "180+1"]
[EndTime "11:55:33 PDT"]
[Termination "anon102030 won by resignation"]

1. e4 e5 2. Nc3 Nc6 3. Bc4 g6 4. d3 Bg7 5. f4 d6 6. Nf3 Nf6 7. O-O h6 8. fxe5 dxe5 9. Kh1 O-O 10. Be3 Ng4 11. Bc5 Re8 12. Bxf7+ Kxf7 13. Nxe5+ Kg8 14.
Nxg4 Qg5 15. Nd5 Bxg4 16. Qe1 Rac8 17. Qf2 Be6 18. h4 Qd8 19. Nf4 Bf7 20. Rad1 Bd4 21.
Bxd4 Qxd4 22. Qg3 Qg7 23. d4 Rxe4 24. d5 Ne7 25. Qd3 Nf5 26. g4 Re3 27. Qb5 Ng3+ 28. Kg2 Nxf1 0-1

[Event "*** SCC Grand Prix: Titled Tuesday Blitz"]
[Site "Chess.com"]
[Date "2020.09.08"]
[Round "10"]
[White "abykhovsky"]
[Black "IveBeenThroughPain"]
[Result "1-0"]
[WhiteElo "2638"]
[BlackElo "2475"]
[TimeControl "180+1"]
[EndTime "11:55:35 PDT"]
[Termination "abykhovsky won by checkmate"]

1. d4 d6 2. Nf3 Nf6 3. c4 Nbd7 4. Nc3 e5 5. Bg5 Be7 6. e3 c6 7. Qc2 O-O 8. Be2 exd4 9. Nxd4 Nc5 10. O-O h6 11.
Bh4 Re8 12. Rfd1 Nfe4 13. Nxe4 Nxe4 14. Bg3 Nxg3 15. hxg3 Bf6 16. b4 c5 17. bxc5 dxc5 18.
Nb5 Bxa1 19. Rxd8 Rxd8 20. Bf3 Be6 21. Nc7 Rab8 22. Nxe6 fxe6 23. Qg6 Re8 24. Be4 Bf6 25. Qh7+ Kf8 26. Bc2 b6 27. Qe4 Rbd8 28. g4 Rd2 29.
Ba4 Re7 30. Bb3 Rd8 31. f4 Kf7 32. Kh2 Red7 33. Bc2 Rd2 34. Qg6+ Kf8 35. Be4 Rxa2 36. f5 exf5 37. Bd5 Rd7 38. gxf5 Be5+ 39. Kh3 Ra3 40. Qe6 Rxe3+ 41. Kg4 Re7 42. Qg8# 1-0

[Event "*** SCC Grand Prix: Titled Tuesday Blitz"]
[Site "Chess.com"]
[Date "2020.09.08"]
[Round "10"]
[White "Nils_03"]
[Black "rududuyk"]
[Result "1-0"]
[WhiteElo "2264"]
[BlackElo "2119"]
[TimeControl "180+1"]
[EndTime "11:55:36 PDT"]
[Termination "Nils_03 won by resignation"]

1. d4 e6 2. c4 f5 3. Nc3 Nf6 4. Bg5 Bb4 5. Nf3 O-O 6. e3 b6 7. Be2 Bb7 8. O-O Bxc3 9. bxc3 Qe8 10. Rb1 Be4 11. Bd3 Bxd3 12. Qxd3 Nc6 13. Bxf6 Rxf6 14. c5 bxc5 15. dxc5 e5 16. Rfd1 e4 17. Qd5+ Kh8 18.
Nd4 Ne5 19. Rb7 c6 20. Qb3 Nd3 21. Qc4 f4 22. Rxd3 exd3 23. Qxd3 Rb8 24. Rxb8 Qxb8 25. exf4 Qxf4 26. g3 Qxf2+ 27. Kh1 Qe1+ 28. Kg2 Rf2+ 29. Kh3 Qg1 30. Qe4 Rxh2+ 31. Kg4 Qd1+ 32. Nf3 h5+ 33.
Kg5 Qd5+ 34. Qxd5 cxd5 35. Nxh2 Kg8 36. Kxh5 1-0

[Event "*** SCC Grand Prix: Titled Tuesday Blitz"]
[Site "Chess.com"]
[Date "2020.09.08"]
[Round "10"]
[White "Sofiia_Hryzlova"]
[Black "beto-betun"]
[Result "1-0"]
[WhiteElo "2276"]
[BlackElo "2138"]
[TimeControl "180+1"]
[EndTime "11:55:37 PDT"]
[Termination "Sofiia_Hryzlova won on time"]

1. c4 Nf6 2. Nc3 g6 3. d4 Bg7 4. e4 d6 5. h3 O-O 6. Be3 e5 7. d5 Nbd7 8. g4 a5 9. Nge2 Nc5 10. Ng3 b6 11. Be2 Bd7 12. h4 Qc8 13. f3 Rb8 14. Qd2 Ne8 15. h5 f5 16. gxf5 gxf5 17. exf5 Bxf5 18. h6 Bf6 19. Bg5 Kh8 20. Nce4 Nxe4 21. Nxe4 Bg6 22. O-O-O Qf5 23. Rdg1 Bxg5 24. Rxg5 Qf4 25.
Rhg1 Qxd2+ 26. Kxd2 Rf4 27. Rxg6 hxg6 28. Rxg6 Kh7 29.
Re6 c5 30. Ng5+ Kh8 31. Re7 Rc8 32. Ne6 Nf6 33. Nxf4 exf4 34. Bd3 1-0

[Event "*** SCC Grand Prix: Titled Tuesday Blitz"]
[Site "Chess.com"]
[Date "2020.09.08"]
[Round "10"]
[White "Rodalquilar"]
[Black "Shield12"]
[Result "0-1"]
[WhiteElo "2658"]
[BlackElo "2834"]
[TimeControl "180+1"]
[EndTime "11:55:39 PDT"]
[Termination "Shield12 won on time"]

1. d4 Nf6 2. Bf4 d5 3. e3 c5 4.
Nf3 Nc6 5. Nbd2 e6 6. c3 Bd6 7. Bg3 O-O 8. Bd3 b6 9. Qe2 Bb7 10. Rd1 Re8 11. e4 Nh5 12. e5 Be7 13. a3 c4 14. Bc2 b5 15. Nf1 a5 16. Ne3 b4 17.
axb4 axb4 18. h4 g6 19. Ng5 Bxg5 20. hxg5 Nxg3 21. fxg3 Qxg5 22. Ng4 Kg7 23. Nf6 Qxg3+ 24. Kf1 Rh8 25. Qd2 Nxe5 26. Rh3 Qxh3 27. gxh3 Nc6 28. Qg5 h5 29. Ke2 Ra2 30. Rf1 Rxb2 31. Kd1 b3 32. Bxg6 fxg6 33. Rg1 Rb1+ 34. Kd2 Rxg1 0-1

[Event "*** SCC Grand Prix: Titled Tuesday Blitz"]
[Site "Chess.com"]
[Date "2020.09.08"]
[Round "10"]
[White "picturesquecheck"]
[Black "Chessbard1972"]
[Result "0-1"]
[WhiteElo "2147"]
[BlackElo "2340"]
[TimeControl "180+1"]
[EndTime "11:55:39 PDT"]
[Termination "Chessbard1972 won by resignation"]

1. e4 c5 2. Nf3 a6 3. c4 e6 4.
d4 cxd4 5. Nxd4 Nf6 6. Nc3 Qc7 7.
Be2 b6 8. O-O Bb7 9. f3 Nc6 10.
Be3 Ne5 11. b3 Ng6 12. Rc1 h5 13. Kh1 h4 14. Nd5 Qd8 15. Nxe6 fxe6 16. Bxb6 Qc8 17. Nc7+ Kf7 18. Nxa8 Bxa8 19. f4 Bxe4 20. Bf3 Qc6 21. Bd4 Ba3 22. Rc3 Bxf3 23. Rcxf3 h3 24. g3 Ne4 25.
Kg1 Bc5 26. f5 Ne5 27. Rf4 Nxg3 28. fxe6+ Kxe6 29. R1f3 Bxd4+ 30. Qxd4 Ne2+ 0-1

[Event "*** SCC Grand Prix: Titled Tuesday Blitz"]
[Site "Chess.com"]
[Date "2020.09.08"]
[Round "10"]
[White "DvaHrasta"]
[Black "Duong57"]
[Result "1-0"]
[WhiteElo "2464"]
[BlackElo "2303"]
[TimeControl "180+1"]
[EndTime "11:55:41 PDT"]
[Termination "DvaHrasta won on time"]

1. c4 e5 2. g3 Nf6 3. Bg2 d5 4. cxd5 Nxd5 5. Nf3 Nc6 6. O-O Be7 7. d4 e4 8. Ne5 f5 9. Nxc6 bxc6 10. Qc2 Bd7 11. Nc3 O-O 12. a3 Bf6 13. e3 Qe7 14.
Na4 Rae8 15. Nc5 Bc8 16. Bd2 Qf7 17. Qa4 Qg6 18. Qxc6 Qf7 19. Rac1 Be7 20. Ba5 Bd6 21. Na6 Bd7 22. Qc4 Be6 23. Qc2 Re7 24. Nb4 Nb6 25. Nc6 Rd7 26. Rfd1 Nc4 27. Bf1 Nxa5 28. Nxa5 Rb8 29.
d5 Bxd5 30. Rxd5 1-0

[Event "*** SCC Grand Prix: Titled Tuesday Blitz"]
[Site "Chess.com"]
[Date "2020.09.08"]
[Round "10"]
[White "Gabix_94"]
[Black "Caracternin123"]
[Result "0-1"]
[WhiteElo "2835"]
[BlackElo "2724"]
[TimeControl "180+1"]
[EndTime "11:55:42 PDT"]
[Termination "Caracternin123 won by resignation"]

1. c4 e6 2. Nc3 d5 3. e3 Nf6 4. Nf3 b6 5. b3 Bb7 6. Bb2 Nbd7 7. cxd5 exd5 8. Be2 a6 9. O-O Bd6 10. Rc1 O-O 11. Rc2 Rc8 12. Qa1 c5 13. d4 c4 14.
bxc4 dxc4 15. a4 Nd5 16. Ba3 N7f6 17. Ne5 Nxc3 18. Rxc3 b5 19. Rb1 Nd5 20. Rcc1 b4 21.
Bxc4 Qg5 22. Nf3 Qg6 23. Be2 Nc3 24. Rxc3 Rxc3 25. Bxb4 Bxb4 26. Rxb4 Rfc8 27. Rb1 Qxb1+ 28. Qxb1 Rc1+ 29. Qxc1 Rxc1+ 30. Bf1 Be4 31. h3 Bd3 32. Nh2 Ra1 33. g4 Bxf1 34. Nxf1 Rxa4 35. Nd2 Rb4 36.
d5 a5 37. d6 a4 38. d7 Rb8 39. Nc4 Rd8 40. Nb6 a3 41. Kg2 a2 42. g5 a1=Q 43.
g6 Qa7 44. gxf7+ Kxf7 45. Nc8 Qxd7 46. Nd6+ Qxd6 0-1

[Event "*** SCC Grand Prix: Titled Tuesday Blitz"]
[Site "Chess.com"]
[Date "2020.09.08"]
[Round "10"]
[White "ailime26"]
[Black "Trickov"]
[Result "0-1"]
[WhiteElo "1889"]
[BlackElo "2338"]
[TimeControl "180+1"]
[EndTime "11:55:46 PDT"]
[Termination "Trickov won on time"]

1. e4 c5 2. Nf3 d6 3. d4 Nf6 4.
Nc3 cxd4 5. Nxd4 a6 6. Be3 e5 7. Nb3 Be6 8. f3 Nbd7 9. Qd2 b5 10. O-O-O Be7 11. g4 Nb6 12. h4 Nc4 13. Qf2 Nxe3 14. Qxe3 Qc7 15. Nd5 Bxd5 16. exd5 Rc8 17. Rd2 Nd7 18.
h5 h6 19. f4 exf4 20. Qf3 Ne5 21. Qe4 Bg5 22. Kb1 f3 23. Rf2 O-O 24. Bd3 f5 25. gxf5 Rf6 26. Nd4 Qc5 27. Rhf1 Nxd3 28. Qxd3 Qc4 29.
Qxc4 Rxc4 30. c3 Be3 31. Rxf3 Bxd4 32. cxd4 Rxd4 33. Rc3 Rxd5 34. Rc8+ Kh7 35. Rc7 Rdxf5 36. Rg1 Rg5 37. Re1 Rxh5 38. Rc6 Rh2 39. Rxa6 Rff2 0-1

[Event "*** SCC Grand Prix: Titled Tuesday Blitz"]
[Site "Chess.com"]
[Date "2020.09.08"]
[Round "10"]
[White "nau64"]
[Black "LuckSlayeer"]
[Result "1-0"]
[WhiteElo "2325"]
[BlackElo "2449"]
[TimeControl "180+1"]
[EndTime "11:55:47 PDT"]
[Termination "nau64 won on time"]

1. d4 Nf6 2. c4 e6 3. Nc3 Bb4 4. Nf3 O-O 5. Bg5 h6 6. Bh4 c5 7. e3 d5 8. cxd5 exd5 9. Rc1 Nc6 10.
Be2 g5 11. Bg3 Ne4 12. dxc5 Be6 13. O-O Nxg3 14. hxg3 Bxc5 15. Nxd5 Qxd5 16. Qxd5 Bxd5 17. Rxc5 Bxa2 18. Ra1 Be6 19. Bb5 Nb4 20. Nd4 b6 21. Rc7 a6 22. Nxe6 axb5 23. Rxa8 Rxa8 24. Nd4 Ra1+ 25. Kh2 Nd3 26. Nf5 f6 27. Nxh6+ Kh8 28. Ng4 f5 29. Nf6 1-0

[Event "*** SCC Grand Prix: Titled Tuesday Blitz"]
[Site "Chess.com"]
[Date "2020.09.08"]
[Round "10"]
[White "Chessdemon2019"]
[Black "MrrRefrao"]
[Result "0-1"]
[WhiteElo "2374"]
[BlackElo "2251"]
[TimeControl "180+1"]
[EndTime "11:55:47 PDT"]
[Termination "MrrRefrao won by checkmate"]

1. e4 c6 2. d4 d5 3. exd5 cxd5 4. Bd3 Nc6 5. c3 Qc7 6. f4 g6 7. Nf3 Bf5 8. O-O Nh6 9. Qe2 Bg7 10. Ne5 O-O 11. Nd2 Bxd3 12. Qxd3 Nf5 13. Ndf3 e6 14. g4 Nd6 15. Nxc6 bxc6 16. Ne5 c5 17. Be3 c4 18. Qe2 f6 19. Nf3 Ne4 20. Nd2 f5 21. gxf5 exf5 22.
Nxe4 fxe4 23. Qg4 Rf5 24. Kh1 Rb8 25. Rf2 Bh6 26. Rg1 Rbf8 27. Rgf1 Qe7 28. h3 Qd7 29. Rg1 Qa4 30. a3 Qd7 31. h4 Kh8 32. Kg2 R8f7 33.
Kf1 Qa4 34. Ke1 Qb3 35. h5 Rxh5 36. Qc8+ Rf8 37. Qd7 Qa2 38. Re2 Qb1+ 39. Kf2 Rh2+ 40. Kg3 Bxf4+ 41. Kg4 h5# 0-1

[Event "*** SCC Grand Prix: Titled Tuesday Blitz"]
[Site "Chess.com"]
[Date "2020.09.08"]
[Round "10"]
[White "ferdipy"]
[Black "Quiet_Desperation"]
[Result "0-1"]
[WhiteElo "2333"]
[BlackElo "2042"]
[TimeControl "180+1"]
[EndTime "11:55:47 PDT"]
[Termination "Quiet_Desperation won by checkmate"]

1. e4 e6 2. d4 d5 3. Nc3 Bb4 4.
e5 c5 5. a3 Bxc3+ 6. bxc3 Ne7 7.
Qg4 Nf5 8. Nf3 h5 9. Qg5 Qa5 10.
Bd2 c4 11. h3 Nc6 12. g4 hxg4 13. Qxg4 Bd7 14. Be2 O-O-O 15. Rb1 Qxa3 16. Ng5 Rdf8 17. h4 Qa2 18. O-O Qxc2 19. Bf4 Rxh4 20. Qf3 Rxf4 21.
Qxf4 Qxe2 22. Rfe1 Qh5 23. Nf3 Rh8 24. Kf1 f6 25.
exf6 gxf6 26. Ke2 Qe8 27. Rh1 Rf8 28. Kd2 e5 29. Qh2 exd4 30. Nxd4 Nfxd4 31. cxd4 Qe4 32. Qh4 Qd3+ 33. Kc1 Bf5 34. Rb2 c3 35. Ra2 Qb1# 0-1

[Event "*** SCC Grand Prix: Titled Tuesday Blitz"]
[Site "Chess.com"]
[Date "2020.09.08"]
[Round "10"]
[White "AlexandraBotez"]
[Black "niki_2003"]
[Result "0-1"]
[WhiteElo "2207"]
[BlackElo "1699"]
[TimeControl "180+1"]
[EndTime "11:55:49 PDT"]
[Termination "niki_2003 won by resignation"]

1. d4 Nf6 2. c4 e6 3. Nf3 Bb4+ 4. Bd2 Qe7 5. g3 O-O 6. Bg2 Nc6 7. O-O Bxd2 8. Nbxd2 d6 9. Re1 e5 10. dxe5 dxe5 11.
e4 h6 12. Nb3 Be6 13. Qe2 a5 14. Rac1 Rfd8 15. Nbd2 Bg4 16. Qe3 Be6 17. a3 Ng4 18. Qc3 Qc5 19. Rf1 Rd7 20. h3 Nf6 21. Nb3 Qb6 22. Rfd1 Nxe4 23. Qc2 Nxg3 24. Kh2 Bf5 25. Qc3 Ne2 26. Qe1 Nxc1 27. Nxc1 Rxd1 28. Qxd1 Qxf2 29. Nd3 Bxd3 30. Qxd3 Rd8 31. Qc3 Nd4 32. Qd3 Nxf3+ 33.
Qxf3 Qxf3 34. Bxf3 Rd2+ 35. Kg3 Rxb2 0-1

[Event "*** SCC Grand Prix: Titled Tuesday Blitz"]
[Site "Chess.com"]
[Date "2020.09.08"]
[Round "10"]
[White "Rodchenkov_Vitalij"]
[Black "MattyDPerrine"]
[Result "1-0"]
[WhiteElo "2584"]
[BlackElo "2377"]
[TimeControl "180+1"]
[EndTime "11:55:50 PDT"]
[Termination "Rodchenkov_Vitalij won by resignation"]

1. d4 Nf6 2. Nf3 c5 3. d5 e6 4. Nc3 Nxd5 5. Nxd5 exd5 6. Qxd5 Nc6 7. e4 d6 8. Bc4 Be6 9. Qd3 Be7 10. O-O O-O 11. Bf4 Nb4 12. Qe2 Bxc4 13. Qxc4 d5 14. exd5 Qxd5 15. Qxd5 Nxd5 16. Bd2 Bf6 17. c3 Rfe8 18. Rfe1 Rad8 19. Kf1 b5 20. Rad1 Nb6 21. Rxe8+ Rxe8 22. Be3 Nc4 23. Bc1 Rd8 24. Rxd8+ Bxd8 25. b3 Nd6 26. Be3 Ne4 27. c4 bxc4 28. bxc4 a6 29. Ne5 Be7 30. Nd7 Nc3 31. Bxc5 Bxc5 32. Nxc5 a5 33.
a4 Nd1 34. Nd3 Nc3 35. Nb2 Kf8 36. Ke1 Ke7 37. Kd2 Ne4+ 38. Ke3 f5 39. f3 Nf6 40. Kd4 Kd6 41. c5+ Ke6 42. Nc4 1-0

[Event "*** SCC Grand Prix: Titled Tuesday Blitz"]
[Site "Chess.com"]
[Date "2020.09.08"]
[Round "10"]
[White "pedromartinez91"]
[Black "leejunhyeok"]
[Result "0-1"]
[WhiteElo "2490"]
[BlackElo "2653"]
[TimeControl "180+1"]
[EndTime "11:55:50 PDT"]
[Termination "leejunhyeok won by resignation"]

1. Nf3 d5 2. g3 Nf6 3. Bg2 g6 4. O-O Bg7 5. c4 c6 6. cxd5 cxd5 7. d4 O-O 8. Nc3 Ne4 9. Bf4 Nxc3 10. bxc3 Nc6 11. Ne5 Qa5 12. Nxc6 bxc6 13. Bd2 Qa6 14. Re1 e5 15. e3 Bf5 16. g4 Bd3 17. f4 exf4 18.
exf4 Rfe8 19. Qf3 Be4 20. Qf1 Qc8 21. h3 f5 22. g5 c5 23. Be3 cxd4 24. Bxd4 Bxd4+ 25.
cxd4 Qc3 26. Qf2 Rac8 27. Bf1 Qa3 28. Qe3 Rc3 29. Qd2 Rxh3 30. Bxh3 Qxh3 31. Qh2 Qg4+ 32.
Kf2 Qf3+ 33. Kg1 Qg4+ 34. Kf2 Rb8 35. Re2 Qxe2+ 36. Kxe2 Rb2+ 37. Ke3 Rxh2 38. Rc1 Rc2 39. Ra1 Rc3+ 40. Kd2 Rd3+ 41. Ke2 Rxd4 42. Rc1 Rc4 43. Rd1 d4 44. Rxd4 Rxd4 0-1

[Event "*** SCC Grand Prix: Titled Tuesday Blitz"]
[Site "Chess.com"]
[Date "2020.09.08"]
[Round "10"]
[White "TheMagnet"]
[Black "TrickyFortem"]
[Result "1/2-1/2"]
[WhiteElo "2575"]
[BlackElo "2462"]
[TimeControl "180+1"]
[EndTime "11:55:51 PDT"]
[Termination "Game drawn by repetition"]

1. d4 Nf6 2. c4 c6 3. Nc3 d5 4. Nf3 e6 5. e3 Nbd7 6. Qc2 Bd6 7.
b3 O-O 8. Be2 b6 9. Bb2 Bb7 10.
O-O Rc8 11. Rad1 Qe7 12. Rfe1 dxc4 13. Bxc4 c5 14. d5 exd5 15. Nxd5 Nxd5 16. Bxd5 Bxd5 17. Rxd5 Nf6 18. Bxf6 Qxf6 19. Ng5 Qh6 20. Qxh7+ Qxh7 21. Nxh7 Bxh2+ 22. Kxh2 Kxh7 23. Rd7 a5 24. Red1 c4 25. bxc4 Rxc4 26. Rb7 Rc2 27. Kg3 Rxa2 28. Rxb6 a4 29. Ra6 Rc8 30. Rd7 Kg8 31. Raa7 Rf8 32. Rd4 a3 33. Rd3 Rc8 34. Rdxa3 Rxa3 35. Rxa3 g6 36.
Ra7 Rc4 37. Kf3 Kg7 38. g4 Kf6 39. Ra6+ Ke5 40. Ra5+ Kf6 41. Kg3 Rb4 42. Ra6+ Ke7 43. g5 Rc4 44. f4 Rb4 45. Kf3 Rc4 46. Rb6 Ra4 47. Rb7+ Ke6 48. Rb6+ Ke7 49. Rb1 Rc4 50. Rd1 Rb4 51. Rd4 Rb1 52. Ke4 Ke6 53. Ra4 Rb6 54. Rc4 Ra6 55. Rb4 Rc6 56. Kf3 Rc1 57. Rb6+ Ke7 58.
Rf6 Rc4 59. Ra6 Rb4 60. Ra5 Rc4 61. Re5+ Kf8 62. e4 Rc3+ 63. Kg4 Rc1 64. f5 Rg1+ 65. Kf4 Rf1+ 66. Ke3 gxf5 67. Rxf5 Rg1 68. Kf4 Ke7 69.
Ke5 Rg4 70. Kd5 Rg3 71. Re5+ Kf8 72. Kd4 Kg7 73. Rf5 Kg6 74. Rf6+ Kg7 75. Rf5 Kg6 76.
Rf6+ Kg7 77. Rf5 1/2-1/2